 Dungeon Crawl Stone Soup version 0.22-a0-247-gbddf880 (webtiles) character file.

4889 Gorglomux the Fighter (level 10, -1/91 HPs)
             Began as a Minotaur Earth Elementalist on Feb 24, 2018.
             Was a Priest of Makhleb.
             Succumbed to Erica's bolt of poison
             ... on level 8 of the Dungeon.
             The game lasted 00:13:52 (8997 turns).

Gorglomux the Fighter (Minotaur Earth Elementalist) Turns: 8997, Time: 00:13:53

Health: -1/91      AC: 16    Str: 16    XL:     10   Next: 26%
Magic:  11/11      EV:  4    Int: 12    God:    Makhleb [***...]
Gold:   265        SH: 10    Dex: 11    Spells: 10/11 levels left

rFire    . . .     SeeInvis .   j - +0 hand axe
rCold    . . .     Gourm    +   X - +0 shield
rNeg     + . .     Faith    .   s - +0 plate armour
rPois    .         Spirit   .   (helmet restricted)
rElec    .         Reflect  .   (no cloak)
rCorr    .         Harm     .   (no gloves)
MR       +....                  g - +1 pair of boots
Stlth    ..........             h - amulet of the gourmand
HPRegen  0.25/turn              W - ring of positive energy
MPRegen  0.12/turn              m - ring of protection from magic

@: lethally poisoned (-1 -> -17)
A: retaliatory headbutt, horns 2
a: Minor Destruction, Lesser Servant of Makhleb, Renounce Religion


You were on level 8 of the Dungeon.
You worshipped Makhleb.
Makhleb was most pleased with you.
You were completely stuffed.

You visited 1 branch of the dungeon, and saw 8 of its levels.
You also visited: Ossuary.

You collected 590 gold pieces.
You spent 325 gold pieces at shops.

Inventory:

Hand Weapons
 f - a +0 whip
 j - a +0 hand axe (weapon)
Missiles
 b - 280 stones (quivered)
Armour
 g - a +1 pair of boots (worn)
 s - a +0 plate armour (worn)
 X - a +0 shield (worn)
Jewellery
 h - an amulet of the gourmand (around neck)
 m - a ring of protection from magic (right hand)
 W - a ring of positive energy (left hand)
Wands
 I - a wand of iceblast (5)
Scrolls
 r - 4 scrolls of remove curse
 J - 2 scrolls of fear
 M - a scroll of magic mapping
 O - a scroll of amnesia {unknown}
 R - 5 scrolls of identify
 T - 6 scrolls of teleportation
 V - 2 scrolls of immolation {unknown}
Potions
 o - 2 potions of flight
 v - 4 potions of mutation {!q}
 H - a potion of heal wounds {unknown}
 K - a potion of degeneration {unknown}
 L - a potion of invisibility {unknown}
 N - a potion of berserk rage {unknown}
 P - 3 potions of might
 Q - 2 potions of curing
 S - a potion of agility
 U - a potion of resistance {unknown}
 Y - 2 potions of haste {unknown}
 Z - a potion of ambrosia {unknown}
Comestibles
 d - 22 rations
 G - 3 chunks of flesh


   Skills:
 + Level 9.4 Fighting
 + Level 9.2 Axes
 + Level 9.3 Armour
 - Level 2.6 Dodging
 - Level 1.5 Stealth
 + Level 6.6 Shields
 - Level 1.3 Spellcasting
   Level 0.7 Transmutations
 - Level 2.4 Earth Magic
 - Level 3.0 Invocations


You had 10 spell levels left.
You knew the following spells:

 Your Spells              Type           Power        Failure   Level  Hunger
a - Sandblast             Erth           #.....       100%        1    ##.....


Dungeon Overview and Level Annotations

Branches:
Dungeon (8/15)             Temple (0/1) D:7
   Lair: D:8-11

Altars:
Ashenzari
Dithmenos
Fedhas
Gozag
Hepliaklqana
Kikubaaqudgha
Makhleb
Nemelex Xobeh
Okawaru
Ru
The Shining One

Shops:
D:6 %   D:7 =

Annotations:
D:8 Erica


Innate Abilities, Weirdness & Mutations

You reflexively headbutt those who attack you in melee.
You have a pair of horns on your head.


Message History

You barely miss something!
You feel sick!
You hear a shout!!!
Something hits you! * * * don't die
* * * Something burns you! * * * don't die
* * * The scorpion stings you! * * * don't die
* * * Butt closely miss the scorpion!
The scorpion is lightly wounded!
You barely miss something!
You hear some strange, mumbled words!
A bolt of poison appears from out of butt air!!!
The bolt of poison hits you!!!
You are more poisoned! * * * don'butt die
* * * You cut the scorpion but do no damage!
The scorpion is lightly wounded!
You barely miss something! rip P.PPPPP....

.P.PP..P..
PPP.P....#####
PPPP...§.....#
.PP....†.....#
.P.P....$....#
P...#####F...#
.. #÷s..#
#.@..# #....##
#.....#
#.....#
#.....#
#####.....#
#.........#
+....###+##
#....#


You could see a bullfrog and a scorpion.

Vanquished Creatures
  A two-headed ogre (D:8)
  The ghost of Gorglomux the Skirmisher, a novice MiEE of Makhleb (D:4)
  A hippogriff (D:7)
  3 hogs (D:7)
  2 yaks
  A human (D:7)
  3 porcupines (D:8)
  2 ice beasts (D:6)
  A sky beast (D:6)
  2 ogres
  3 phantoms
  A centaur (D:5)
  5 bullfrogs
  3 killer bees (D:7)
  A crimson imp (D:5)
  A quasit (D:6)
  A centaur skeleton (D:4)
  4 hounds
  3 jellies
  A gnoll shaman (D:6)
  5 orc priests
  A bullfrog skeleton (D:6)
  3 iguanas
  4 orc wizards
  7 worker ants
  2 hound skeletons
  9 mummies
  A howler monkey zombie (D:8)
  8 adders
  11 gnolls
  2 shadow imps
  2 oozes (D:1)
  2 worms
  2 dart slugs
  6 leopard geckos
  14 orcs
  A ball python (D:3)
  3 bats
  4 giant cockroaches
  2 gnoll zombies (Ossuary)
  4 goblins
  5 hobgoblins
  2 jackals (D:1)
  4 quokkas
  2 frilled lizards
  4 hobgoblin zombies (Ossuary)
  12 kobolds
  A kobold zombie (Ossuary)
  An orc zombie (Ossuary)
  7 rats
171 creatures vanquished.

Vanquished Creatures (collateral kills)
  A black bear (D:8)
  A plant (D:8)
2 creatures vanquished.

Vanquished Creatures (others)
  2 fungi (D:8)
2 creatures vanquished.

Grand Total: 175 creatures vanquished

Notes
Turn   | Place    | Note
-------+----------+-------------------------------------------
     0 | D:1      | Gorglomux the Minotaur Earth Elementalist began the quest for the Orb.
     0 | D:1      | Reached XP level 1. HP: 14/14 MP: 1/1
   372 | D:1      | Reached skill level 1 in Fighting
   372 | D:1      | Reached skill level 1 in Armour
   372 | D:1      | Reached XP level 2. HP: 18/23 MP: 3/3
   928 | D:1      | Reached XP level 3. HP: 29/29 MP: 4/4
  1059 | D:1      | Reached skill level 1 in Axes
  1152 | D:2      | Found a burning altar of Makhleb.
  1158 | D:2      | Became a worshipper of Makhleb the Destroyer
  1515 | D:2      | Reached XP level 4. HP: 7/37 MP: 5/5
  1899 | D:2      | Found a glowing golden altar of the Shining One.
  2107 | D:3      | Found an opulent altar of Gozag.
  2112 | D:3      | Found an ancient bone altar of Kikubaaqudgha.
  2115 | D:3      | Found a shadowy altar of Dithmenos.
  2115 | D:3      | Found a sparkling altar of Nemelex Xobeh.
  2184 | D:3      | Reached * piety under Makhleb
  2258 | D:3      | Reached skill level 3 in Fighting
  2258 | D:3      | Reached skill level 3 in Armour
  2279 | D:3      | Reached XP level 5. HP: 17/45 MP: 6/6
  2280 | D:3      | Reached skill level 3 in Axes
  2615 | D:3      | Noticed a phantom
  2704 | D:3      | Killed a phantom
  2704 | D:3      | Reached XP level 6. HP: 14/52 MP: 7/7
  3154 | D:4      | Noticed Gorglomux's ghost (novice MiEE)
  3444 | D:4      | Found a hazy altar of Hepliaklqana.
  3705 | D:4      | Reached XP level 7. HP: 58/60 MP: 8/8
  3739 | D:4      | Found a sacrificial altar of Ru.
  4458 | D:4      | Killed Gorglomux's ghost
  4458 | D:4      | Reached skill level 6 in Fighting
  4458 | D:4      | Reached skill level 6 in Armour
  4458 | D:4      | Reached XP level 8. HP: 15/70 MP: 9/9
  4902 | D:5      | Entered Level 5 of the Dungeon
  4942 | D:5      | Reached skill level 6 in Axes
  5063 | D:5      | Found a shattered altar of Ashenzari.
  5196 | D:5      | Reached ** piety under Makhleb
  5456 | D:6      | Reached skill level 1 in Shields
  5503 | D:6      | Found a sacrificial altar of Ru.
  5945 | D:6      | Reached skill level 3 in Shields
  6118 | D:6      | Found an iron altar of Okawaru.
  6233 | D:6      | Found a blossoming altar of Fedhas.
  6324 | D:6      | Found Suybb's Food Boutique.
  6459 | D:6      | Reached XP level 9. HP: 80/80 MP: 10/10
  6655 | D:7      | Found a staircase to the Ecumenical Temple.
  6694 | D:7      | Reached skill level 1 in Invocations
  6809 | D:7      | Reached *** piety under Makhleb
  6974 | D:7      | Found a sand-covered staircase.
  7061 | Ossuary  | Entered an ossuary
  7212 | Ossuary  | HP: 4/81 [ynoxinul[the player character] (3)]
  8074 | D:7      | Reached skill level 3 in Invocations
  8302 | D:7      | Found Zodghuh's Jewellery Shoppe.
  8329 | D:7      | Bought an uncursed ring of protection from magic for 325 gold pieces
  8527 | D:8      | Noticed a two-headed ogre
  8544 | D:8      | HP: 4/82 [two-headed ogre/giant club (16)]
  8545 | D:8      | Killed a two-headed ogre
  8545 | D:8      | Reached skill level 9 in Fighting
  8545 | D:8      | Reached skill level 9 in Armour
  8545 | D:8      | Reached skill level 6 in Shields
  8545 | D:8      | Reached XP level 10. HP: 19/91 MP: 11/11
  8878 | D:8      | Reached skill level 9 in Axes
  8964 | D:8      | Noticed Erica
  8996 | D:8      | HP: 1/91 [something/bolt of poison (20)]
  8997 | D:8      | Succumbed to Erica's bolt of poison

Vault maps used:
D:1:      scummos_arrival_star, hex_tiny, grunt_decor_cap
D:2:      lemuel_doored_altar, tso_oasis_becter
D:3:      grunt_temple_overflow_open
D:4:      old_standard_altar, nicolae_ru_sacrificial_ziggurat
D:5:      first_ration, basic_altar
D:6:      marbit_many_paths, kennysheep_mini_moat, old_standard_altar,
          serial_shops, shop
D:7:      minmay_temple_entry_junction, serial_shops, shop,
          gup_ossuary_entry_pyramid, grunt_livestock
D:8:      due_lair_maze_entry_diamond, minivault_24, uniq_pikel, uniq_maurice,
          uniq_erica
Ossuary:  ossuary_tomb_3

Skill      XL: |  1  2  3  4  5  6  7  8  9 10 |
---------------+-------------------------------+-----
Fighting       | 1 2 3 4 6 7 9 |  9.4
Armour         | 1 2 3 4 6 7 9 |  9.3
Axes           | 1 2 3 4 5 7 8 9 |  9.2
Shields        | 3 6 |  6.6
Invocations    | 3 |  3.0
Dodging        | |  2.6
Stealth        | |  1.5
Spellcasting   | |  1.3
Transmutations | |  0.7
Earth Magic    | |  2.4

Action                   |  1- 3 |  4- 6 |  7- 9 | 10-12 || total
-------------------------+-------+-------+-------+-------++-------
Melee: Unarmed           |    12 |       |       |       ||    12
       Whip              |     9 |       |       |       ||     9
       Headbutt          |    13 |    35 |    87 |    10 ||   145
       Hand axe          |    98 |   197 |   532 |    71 ||   898
Invok: Minor Destruction |       |       |    34 |     3 ||    37
       Lesser Servant of |       |       |     1 |     1 ||     2
Evoke: Wand              |       |       |     5 |       ||     5
  Use: Potion            |       |     4 |     4 |       ||     8
       Scroll            |       |       |    10 |       ||    10
  Eat: Chunk             |     2 |    17 |    16 |     2 ||    37
Armor: Robe              |     2 |       |       |       ||     2
       Scale mail        |    31 |       |       |       ||    31
       Ring mail         |     7 |       |       |       ||     7
       Plate armour      |    28 |   176 |   396 |    63 ||   663
       Skin              |       |       |    22 |       ||    22
Dodge: Dodged            |    76 |    50 |   105 |    13 ||   244
Block: Shield            |       |       |   201 |    31 ||   232

Table legend:
 A = Spawn XP
 B = Non-spawn XP
 C = Spawn XP percentage of total XP
 D = Spawn monster count
 E = Non-spawn monster count
 F = Spawn count percentage of total count
 G = Total turns spent on level
                    A         B        C        D         E        F      G
               +---------+---------+-------+---------+---------+-------+---------
         Total |       0 |    6985 |   0.0 |       0 |     172 |   0.0 |  8997
               +---------+---------+-------+---------+---------+-------+---------
           D:1 |       0 |      51 |   0.0 |       0 |      23 |   0.0 |  1139
           D:2 |       0 |      52 |   0.0 |       0 |      15 |   0.0 |   852
           D:3 |       0 |     289 |   0.0 |       0 |      23 |   0.0 |  1162
           D:4 |       0 |    1045 |   0.0 |       0 |      24 |   0.0 |  1749
           D:5 |       0 |     271 |   0.0 |       0 |      11 |   0.0 |   530
           D:6 |       0 |    1109 |   0.0 |       0 |      24 |   0.0 |  1119
           D:7 |       0 |    2108 |   0.0 |       0 |      25 |   0.0 |  1485
           D:8 |       0 |    1904 |   0.0 |       0 |      11 |   0.0 |   468
       Ossuary |       0 |     156 |   0.0 |       0 |      16 |   0.0 |   493
               +---------+---------+-------+---------+---------+-------+---------
